 Dungeon Crawl Stone Soup version 0.31-a0-149-g3fdcc5976a (webtiles) character file.

Game seed: 17082784648861616162

102 qw the Shooter (level 4, -2/38 HPs)
             Began as a Minotaur Hunter on June 7, 2023.
             Slain by a gnoll
             ... wielding a +0 spear
              (6 damage)
             ... on level 3 of the Dungeon.
             The game lasted 00:00:43 (1998 turns).

qw the Shooter (Minotaur Hunter)                    Turns: 1998, Time: 00:00:44

Health: -2/38      AC:  5    Str: 15    XL:     4   Next: 50%
Magic:  3/3        EV: 11    Int:  6    God:
Gold:   138        SH:  0    Dex: 16    Spells: 3/3 levels left

rFire   . . .        Y - +0 shortbow
rCold   . . .        (shield currently unavailable)
rNeg    . . .        d - +0 ring mail
rPois   .            (helmet restricted)
rElec   .            (no cloak)
rCorr   .            (no gloves)
SInv    .            (no boots)
Will    .....        (no amulet)
Stlth   +            (no ring)
HPRegen 0.26/turn    (no ring)
MPRegen 0.08/turn

%: no passive effects
@: about to teleport
A: horns 2, retaliatory headbutt
a: no special abilities


You were on level 3 of the Dungeon.
You visited 1 branch of the dungeon, and saw 3 of its levels.

You collected 138 gold pieces.


Innate Abilities, Weirdness & Mutations

You have a pair of horns on your head.
You reflexively headbutt those who attack you in melee.


   Skills:
 + Level 3.5 Fighting
 - Level 6.0 Ranged Weapons
 - Level 1.0 Armour
 - Level 2.1 Dodging
 - Level 0.7 Stealth


You had 3 spell levels left.
You didn't know any spells.
Your spell library was empty.

Inventory:

Hand Weapons
 Y - a +0 shortbow (weapon)
Armour
 d - a +0 ring mail (worn)
Scrolls
 b - a scroll of identify
Potions
 g - a potion of degeneration {unknown}
 h - 2 potions of curing
 i - a potion of haste {unknown}
 j - a potion of lignification {unknown}

Dungeon Overview and Level Annotations

Branches:
Dungeon (3/15)

Altars:
Cheibriados

Annotations:
D:3 2 runed translucent doors


Message History

You shoot an arrow.
The arrow hits the gnoll but does no damage.
A gnoll comes into view. It is wielding a +0 spear.
The gnoll hits you but does no damage.
You shoot an arrow. The arrow barely misses the gnoll.
The gnoll hits you from afar with a +0 spear.
The gnoll closely misses you.
You shoot an arrow. The arrow hits the gnoll!
The gnoll is heavily wounded.
The gnoll hits you but does no damage. The gnoll barely misses you.
You shoot an arrow. The arrow hits the gnoll.
The gnoll is almost dead.
The gnoll hits you from afar with a +0 spear. x2
The gnoll hits you from afar with a +0 halberd!
The gnoll misses you.
The gnoll hits you from afar with a +0 spear.
The gnoll barely misses you.
You shoot an arrow. The arrow hits the gnoll.
You kill the gnoll!
The gnoll hits you from afar with a +0 spear.
The gnoll barely misses you.
You shoot an arrow. The arrow hits the gnoll.
The gnoll is lightly wounded.
The gnoll hits you but does no damage. x2
You shoot an arrow. The arrow hits the gnoll!
The gnoll is severely wounded.
The gnoll closely misses you. The gnoll barely misses you.
You shoot an arrow. The arrow closely misses the gnoll.
The gnoll hits you from afar with a +0 spear.
The gnoll completely misses you.
1997 ||| READING scroll of teleportation.
As you read the scroll of teleportation, it crumbles to dust.
You feel strangely unstable. The gnoll misses you.
The gnoll hits you from afar with a +0 spear.
You shoot an arrow. The arrow hits the gnoll.
The gnoll is almost dead.
The gnoll barely misses you. x2
The gnoll hits you from afar with a +0 spear.
You die...

.......<......##.#####.#
#.#..##.).....##.# #.#
#.....###<..####.# #.#
%.....# #...# #.# #.#
#.#.#.# ##### #.# #.#
#...# #.# #%###### #/.##
#.# #......# #..# # #.#
######.# #.>##.#
#@##########.# #.....#
#g...........#.# ##.####
#)#g########...# #.#
#...# ####..## #.# # ###
##....)# ##.#######
#####..##..# ...%...<..
##..........# .........#
....8.....8..#
...######.
#.##..........#


You could see 2 gnolls.

Vanquished Creatures
  A gnoll (D:3)
  3 adders (D:2)
  2 worms
  3 orcs (D:3)
  9 endoplasms
  2 giant cockroaches (D:2)
  4 goblins
  6 hobgoblins
  3 kobolds
  A quokka (D:1)
  4 ball pythons
  5 bats
  3 frilled lizards
  8 rats
54 creatures vanquished.

Notes
Turn   | Place    | Note
-------+----------+-------------------------------------------
     0 | D:1      | qw the Minotaur Hunter began the quest for the Orb.
     0 | D:1      | Reached XP level 1. HP: 18/18 MP: 0/0
     0 | D:1      | 0 ||| qw: Version: 0.2-a-117-gc6b5c8b
     0 | D:1      | 0 ||| qw: Game counter: 2608
     0 | D:1      | 0 ||| qw: Always use a shield: true
     0 | D:1      | 0 ||| qw: God list: Okawaru
     0 | D:1      | 0 ||| qw: Allow faded altars: false
     0 | D:1      | 0 ||| qw: Do Orc after D:15 true
     0 | D:1      | 0 ||| qw: Do second Lair branch before Depths: true
     0 | D:1      | 0 ||| qw: Lair rune preference: random
     0 | D:1      | 0 ||| qw: Plans: Normal
     0 | D:1      | 0 ||| PLANNING D:1-11
   862 | D:1      | 862 ||| UPGRADING to +0 ring mail.
   872 | D:1      | 872 ||| DROPPING +0 leather armour.
   873 | D:1      | 873 ||| READING 2 scrolls labelled YMEEJAH ROTEUM.
   877 | D:1      | 877 ||| READING 2 scrolls labelled YCWIVU RILUROY.
   878 | D:1      | 878 ||| READING scroll labelled BOJIYMNIBYEC.
   879 | D:1      | 879 ||| DROPPING scroll of butterflies.
   880 | D:1      | 880 ||| DROPPING scroll of amnesia.
   900 | D:2      | Reached XP level 2. HP: 25/25 MP: 1/1
   923 | D:2      | Reached skill level 1 in Armour
   941 | D:2      | Reached skill level 5 in Ranged Weapons
   969 | D:2      | Reached skill level 3 in Fighting
  1004 | D:2      | Reached XP level 3. HP: 31/31 MP: 2/2
  1301 | D:2      | 1301 ||| DROPPING +4 sling.
  1548 | D:2      | 1548 ||| READING 2 scrolls labelled DOPLUS WOFI.
  1549 | D:2      | 1549 ||| READING scroll labelled KEJEAS ATIEVO.
  1550 | D:2      | 1550 ||| READING scroll labelled SASISA HICUTRI.
  1551 | D:2      | 1551 ||| DRINKING 3 fuming coppery potions.
  1585 | D:3      | Reached XP level 4. HP: 38/38 MP: 3/3
  1660 | D:3      | Found a large runed translucent door.
  1661 | D:3      | Found a large runed translucent door.
  1702 | D:3      | Found a snail-covered altar of Cheibriados.
  1709 | D:3      | Reached skill level 6 in Ranged Weapons
  1821 | D:3      | HP: 8/38 [orc priest/divine providence (15)]
  1822 | D:3      | 1822 ||| READING 2 scrolls of teleportation.
  1823 | D:3      | HP: 1/38 [orc priest/+0 mace (4)]
  1844 | D:3      | 1844 ||| FLEEEEING.
  1845 | D:3      | 1845 ||| FLEEEEING.
  1846 | D:3      | 1846 ||| FLEEEEING.
  1847 | D:3      | 1847 ||| FLEEEEING.
  1848 | D:3      | 1848 ||| FLEEEEING.
  1849 | D:3      | 1849 ||| STAIRDANCE
  1965 | D:2      | 1965 ||| READING scroll labelled GUUSTR HI IXZU.
  1966 | D:2      | 1966 ||| READING scroll labelled ISULLO XU OPE.
  1967 | D:2      | 1967 ||| READING 2 scrolls of identify.
  1967 | D:2      | 1967 ||| IDENTIFYING fuming silvery potion
  1968 | D:2      | 1968 ||| DROPPING potion of enlightenment.
  1996 | D:3      | HP: 7/38 [gnoll/+0 spear (4)]
  1997 | D:3      | 1997 ||| READING scroll of teleportation.
  1998 | D:3      | Slain by a gnoll

Levels and vault maps discovered:
D:1:      dpeg_arrival_orchard, layout_basic
D:2:      layout_loops_cross, minmay_circle_x
D:3:      layout_loops_ring, cheibriados_altar_1, jmf_multi_god_temple2,
          st_stairs_1, chequers_serial_rivers_micro_e

Skill      XL: |  1  2  3  4 |
---------------+-------------+-----
Armour         | 1 |  1.0
Ranged Weapons | 5 6 |  6.0
Fighting       | 3 |  3.5
Dodging        | |  2.1
Stealth        | |  0.7

Action                     |  1- 3 |  4- 6 || total
---------------------------+-------+-------++-------
   Fire: Shortbow          |    96 |    52 ||   148
    Use: Scroll            |     6 |     5 ||    11
         Potion            |     1 |       ||     1
 Armour: Leather armour    |     1 |       ||     1
         Ring mail         |    12 |     9 ||    21
  Dodge: Dodged            |    30 |    18 ||    48

Table legend:
 A = Non-vault XP
 B = Vault XP
 C = Vault XP percentage of total XP
 D = Non-vault monster count
 E = Vault monster count
 F = Vault count percentage of total count
                 A         B        C        D         E       F
            +---------+---------+-------+---------+---------+-------
      Total |     121 |      26 |  17.7 |      45 |       9 |  16.7
            +---------+---------+-------+---------+---------+-------
        D:1 |      11 |       0 |   0.0 |       9 |       0 |   0.0
        D:2 |      60 |      23 |  27.7 |      19 |       7 |  26.9
        D:3 |      50 |       3 |   5.7 |      17 |       2 |  10.5
            +---------+---------+-------+---------+---------+-------
